 Dungeon Crawl Stone Soup version 0.30-a0-883-g5ad918d77d (webtiles) character file.

Game seed: 1289907384477492462

1838 bmack86 the Cleaver (level 8, -2/71 HPs)
             Began as a Minotaur Fighter on Mar 18, 2023.
             Slain by a hellwing (3 damage)
             ... on level 8 of the Dungeon.
             The game lasted 00:08:01 (3942 turns).

bmack86 the Cleaver (Minotaur Fighter)              Turns: 3942, Time: 00:08:02

Health: -2/71      AC: 11    Str: 23    XL:     8   Next: 87%
Magic:  0/7        EV:  9    Int:  5    God:
Gold:   305        SH:  6    Dex: 14    Spells: 7/7 levels left

rFire   . . .      SeeInvis +    a - +0 war axe
rCold   . . .      Faith    .    c - +0 buckler
rNeg    . . .      Spirit   +    b - +0 scale mail
rPois   .          Reflect  .    (helmet restricted)
rElec   +          Rampage  .    (no cloak)
rCorr   +                        (no gloves)
Will    .....                    h - +2 pair of boots Stlth
                                 n - amulet of the Nurturing Traitor {Spirit rElec rCorr Dex+4 Stlth-}
HPRegen 0.31/turn                g - ring of resist corrosion
MPRegen 0.10/turn                l - ring of see invisible

@: no status effects
A: horns 2, retaliatory headbutt
a: no special abilities


You were on level 8 of the Dungeon.
You visited 1 branch of the dungeon, and saw 6 of its levels.

You collected 305 gold pieces.

Inventory:

Hand Weapons
 a - a +0 war axe (weapon)
Missiles
 e - 2 boomerangs
 k - 5 poisoned darts
 r - a throwing net
 s - 4 javelins (quivered)
Armour
 b - a +0 scale mail (worn)
 c - a +0 buckler (worn)
 h - a +2 pair of boots (worn)
Jewellery
 g - a ring of resist corrosion (left hand)
 l - a ring of see invisible (right hand)
 n - the amulet of the Nurturing Traitor (around neck) {Spirit rElec rCorr Dex+4 Stlth-}
   (You found it on level 3 of the Dungeon)

   [amulet of guardian spirit]

   It causes incoming damage to be divided between your reserves of health and
   magic.
   Dex:       It affects your dexterity (+4).
   rElec:     It insulates you from electricity.
   rCorr:     It protects you from acid and corrosion.
   Stlth:     It makes you less stealthy.
Wands
 m - a wand of flame (17)
Scrolls
 i - a scroll of enchant armour
 j - a scroll of amnesia
 p - a scroll of vulnerability
 q - a scroll of fog
Potions
 d - 3 potions of might
 f - 2 potions of heal wounds
 o - a potion of attraction
 t - a potion of degeneration {unknown}
 u - a potion of ambrosia {unknown}


   Skills:
 + Level 6.7 Fighting
 * Level 8.7 Axes
 + Level 3.6 Throwing
 + Level 6.8 Armour
 + Level 6.7 Shields


You had 7 spell levels left.
You didn't know any spells.
Your spell library contained the following spells:

 Spells                   Type           Power      Damage    Failure   Level
 Shock                    Conj/Air       0%         1d3       83%         1
 Sting                    Tmut/Pois      0%         1d3       83%         1
 Ensorcelled Hibernation  Hex/Ice        0%         N/A       93%         2
 Passwall                 Tmut/Erth      0%         N/A       93%         2
 Poisonous Vapours        Pois/Air       0%         N/A       93%         2
 Spider Form              Tmut/Pois      0%         N/A       99%         3
 Swiftness                Air            0%         N/A       99%         3
 Airstrike                Air            0%         2d(0-16)  100%        4
 Anguish                  Hex/Necr       0%         N/A       100%        4
 Olgreb's Toxic Radiance  Pois           0%         N/A       100%        4


Dungeon Overview and Level Annotations

Branches:
Dungeon (5/15)
 Temple: D:4-7

Altars:
Dithmenos
Fedhas
The Shining One


Innate Abilities, Weirdness & Mutations

You have a pair of horns on your head.
You reflexively headbutt those who attack you in melee.


Message History

The hellwing is heavily wounded.
You closely miss the bullfrog. You hit the hellwing but do no damage.
The bullfrog barely misses you. You furiously retaliate!
You headbutt the bullfrog! The hellwing barely misses you.
You block the hellwing's attack. The hellwing barely misses you.
The hellwing hits you.
You hit the hellwing but do no damage. You headbutt the hellwing.
The hellwing is severely wounded.
You barely miss the bullfrog. You hit the hellwing.
The bullfrog hits you but does no damage.
The hellwing hits you! The hellwing hits you. The hellwing hits you!
* * * LOW HITPOINT WARNING * * *
The hellwing hits you.
* * * LOW HITPOINT WARNING * * *
The bullfrog hits you but does no damage.
You barely miss the hellwing. Your headbutt misses the hellwing.
The hellwing is severely wounded.
You slash the bullfrog!
You kill the bullfrog!
You hit the hellwing but do no damage. The hellwing hits you!
* * * LOW HITPOINT WARNING * * *
The hellwing hits you.
* * * LOW HITPOINT WARNING * * *
The hellwing hits you.
* * * LOW HITPOINT WARNING * * *
The hellwing hits you but does no damage.
You barely miss the hellwing.
The hellwing is severely wounded.
You barely miss the hellwing.
The hellwing hits you but does no damage.
The hellwing barely misses you. x2
The hellwing hits you but does no damage.
You hit the hellwing. Your headbutt misses the hellwing.
The hellwing is severely wounded.
You hit the hellwing but do no damage. The hellwing barely misses you.
You furiously retaliate!
You headbutt the hellwing! The hellwing hits you.
* * * LOW HITPOINT WARNING * * *
The hellwing hits you but does no damage.
The hellwing hits you.
You die... .8..8..... ........
P...8.. ..8.. ...8 #ZZ

#4# #.###@#
#...†4#
#####.#
#.##########
#..........#
#..........#
#..........#
#..........#
#..........##


You could see 2 hellwings, a wolf spider zombie and a redback zombie.

Vanquished Creatures
  A centaur zombie (D:8)
  A centaur skeleton (D:8)
  Sigmund (D:2)
  A black bear (D:5)
  2 ogres
  A phantom (D:4)
  A bullfrog (D:8)
  2 scorpions (D:4)
  2 howler monkeys (D:8)
  3 jellies (D:5)
  2 hounds
  An iguana (D:5)
  Terence (D:2)
  A sleepcap (D:5)
  An orc wizard (D:5)
  4 gnolls (D:4)
  8 adders
  3 shadow imps (D:8)
  A worm (D:2)
  2 dart slugs
  9 orcs
  6 ball pythons
  6 endoplasms
  2 giant cockroaches
  2 goblins
  10 hobgoblins
  6 jackals
  4 kobolds
  3 quokkas
  5 bats
  3 frilled lizards
  6 rats
101 creatures vanquished.

Vanquished Creatures (others)
  7 plants (D:3)
  3 withered plants (D:8)
10 creatures vanquished.

Grand Total: 111 creatures vanquished

Notes
Turn   | Place    | Note
-------+----------+-------------------------------------------
     0 | D:1      | bmack86 the Minotaur Fighter began the quest for the Orb.
     0 | D:1      | Reached XP level 1. HP: 19/19 MP: 0/0
    96 | D:1      | Reached XP level 2. HP: 22/27 MP: 1/1
   224 | D:1      | Reached skill level 3 in Axes
   849 | D:2      | Found a shadowy altar of Dithmenos.
   861 | D:2      | Reached XP level 3. HP: 33/33 MP: 2/2
   914 | D:2      | Noticed Sigmund
   930 | D:2      | Killed Sigmund
   931 | D:2      | Reached skill level 4 in Axes
   931 | D:2      | Reached XP level 4. HP: 18/41 MP: 3/3
   931 | D:2      | Reached XP level 5. HP: 21/47 MP: 4/4
  1119 | D:2      | Noticed Terence
  1126 | D:2      | Killed Terence
  1127 | D:2      | Reached skill level 5 in Axes
  1234 | D:2      | Reached XP level 6. HP: 55/55 MP: 5/5
  1503 | D:3      | Found a blossoming altar of Fedhas.
  1572 | D:3      | Found a glowing golden altar of the Shining One.
  1860 | D:3      | Identified the amulet of the Nurturing Traitor {Spirit
                  | rElec rCorr Dex+4 Stlth-}
  1925 | D:3      | Reached skill level 5 in Armour
  1925 | D:3      | Reached skill level 5 in Shields
  2338 | D:3      | Reached skill level 5 in Fighting
  2389 | D:4      | Reached skill level 1 in Throwing
  2624 | D:4      | Reached skill level 6 in Axes
  2624 | D:4      | Reached XP level 7. HP: 54/61 MP: 4/6
  3552 | D:5      | Entered Level 5 of the Dungeon
  3686 | D:5      | Reached skill level 7 in Axes
  3703 | D:5      | Reached XP level 8. HP: 65/70 MP: 5/7
  3878 | D:5      | You fall into a shaft and drop 3 floors!
  3916 | D:8      | Reached skill level 8 in Axes
  3921 | D:8      | Noticed a hellwing
  3924 | D:8      | Noticed a hellwing
  3940 | D:8      | HP: 3/71 [hellwing (4)]
  3942 | D:8      | HP: 1/71 [hellwing (2)]
  3942 | D:8      | Slain by a hellwing

Illustrated notes

Levels and vault maps discovered:
D:1:      giann_bridges, layout_basic, nicolae_hexahallways, fountainhead
D:2:      layout_rooms, basic_altar, uniq_terence, uniq_sigmund
D:3:      layout_loops_corners, lemuel_round_altar, tso_metal_star,
          serial_forest, infiniplex_forest_side_room,
          infiniplex_forest_lined_room_2, infiniplex_forest_clump_cross,
          infiniplex_forest_clump_large, infiniplex_forest_clump_large
D:4:      layout_basic, minmay_crossroads
D:5:      layout_layer_cave, hangedman_abyss_or_decor_stabs
D:8:      cheibrodos_grave_circle, layout_basic, minivault_24

Skill      XL: |  1  2  3  4  5  6  7  8 |
---------------+-------------------------+-----
Axes           | 3 4 5 6 7 8 |  8.7
Fighting       | 4 5 6 |  6.7
Shields        | 4 5 6 |  6.7
Armour         | 4 5 6 |  6.8
Throwing       | 1 2 3 |  3.6

Action                     |  1- 3 |  4- 6 |  7- 9 || total
---------------------------+-------+-------+-------++-------
  Melee: War axe           |    51 |    93 |    92 ||   236
         Headbutt          |     5 |    11 |    27 ||    43
  Throw: Javelin           |       |       |     3 ||     3
    Use: Scroll            |     1 |     5 |     3 ||     9
 Armour: Scale mail        |    27 |    57 |    74 ||   158
  Dodge: Dodged            |    24 |    60 |    61 ||   145
  Block: Buckler           |    12 |    31 |    26 ||    69

Table legend: (Time is in decaauts)
 A = Elapsed time spent in this place.
 B = Non-inter-level travel time spent in this place.
 C = Inter-level travel time spent in this place.
 D = Time resting spent in this place.
 E = Time spent auto-exploring this place.
 F = Levels seen in this place.
 G = Mean time per level.
                   A        B        C        D        E       F      G
               +--------+--------+--------+--------+--------+-----+--------+
         Total |   4002 |   3900 |    102 |    140 |   2848 |   6 |  667.0 |
       Dungeon |   4002 |   3900 |    102 |    140 |   2848 |   6 |  667.0 |
               +--------+--------+--------+--------+--------+-----+--------+

Top non-repeatable levels by time:
     D:4: 1207 daAuts
     D:3: 929 daAuts
     D:1: 788 daAuts
     D:2: 677 daAuts
     D:5: 330 daAuts
     D:8: 68 daAuts
